[ AOE2 MATCH · #495630855 ]
UnrankedDravidians vs Goths
Rival team · LOSS
[ REPLAY ANALYSIS · EXTRACTED FROM THE RECORDED GAME ]
Feudal
11:39
Castle
23:17
Imperial
41:48
| APM avg | 87.3 |
| APM peak | 150 |
| eAPM avg | 47.0 |
| Villagers / military | 202 / 164 |
Focus
⚔️ 44.3% · 🌾 55.7%
Militia ×97 · Skirmisher ×38 · Trebuchet (Packed) ×7 · Monk ×6 · Mangonel ×5 · Armored Elephant ×5
Feudal
11:55
Castle
23:38
Imperial
39:59
| APM avg | 53.9 |
| APM peak | 102 |
| eAPM avg | 24.5 |
| Villagers / military | 141 / 59 |
Focus
⚔️ 24.6% · 🌾 75.4%
Militia ×26 · Huskarl ×9 · Skirmisher ×9 · Mangonel ×6 · Archer ×5 · Trebuchet (Packed) ×4
Match map
Initial resources + every placement click. Lines = walls · curves = elevation contours. ◆ gold · ⬟ stone · ● berries · ✦ relic · ◌ wall gap
Your base· ✓ Closed at 23:17 · 45t walls · 2 gate(s)
Dr Zenit's base· Open — opponent sealed themselves in
Smoothed initial terrain · ◌ = detected wall gap · hover for details
Inputs per minute
— SVTT | Альпинист - - Dr Zenit
Build order — SVTT | Альпинист
First 150 of 582 actions detected
| 0:00 | Queue | Villager (Male) |
| 0:01 | Queue | Villager (Male) |
| 0:01 | Queue | Villager (Male) |
| 0:02 | Build | House |
| 0:02 | Queue | Villager (Male) |
| 0:03 | Build | House |
| 1:34 | Queue | Villager (Male) |
| 1:34 | Queue | Villager (Male) |
| 1:59 | Build | Lumber Camp |
| 2:05 | Queue | Villager (Male) |
| 2:27 | Queue | Villager (Male) |
| 2:41 | Queue | Villager (Male) |
| 3:20 | Queue | Villager (Male) |
| 3:23 | Queue | Villager (Male) |
| 3:49 | Build | House |
| 3:52 | Queue | Villager (Male) |
| 4:28 | Queue | Villager (Male) |
| 4:31 | Build | Barracks |
| 4:52 | Queue | Villager (Male) |
| 5:04 | Build | House |
| 5:25 | Queue | Militia |
| 5:25 | Queue | Militia |
| 5:25 | Queue | Militia |
| 5:28 | Queue | Villager (Male) |
| 5:33 | Queue | Villager (Male) |
| 5:34 | Queue | Villager (Male) |
| 5:40 | Build | House |
| 5:42 | Build | Palisade Wall |
| 5:43 | Build | Palisade Wall |
| 5:59 | Queue | Villager (Male) |
| 5:59 | Queue | Villager (Male) |
| 6:16 | Queue | Militia |
| 6:42 | Queue | Villager (Male) |
| 6:45 | Build | Mill |
| 7:18 | Queue | Villager (Male) |
| 7:40 | Queue | Villager (Male) |
| 7:43 | Build | Palisade Gate |
| 7:50 | Research | Loom |
| 7:57 | Queue | Villager (Male) |
| 7:59 | Build | Palisade Wall |
| 8:01 | Build | Palisade Wall |
| 8:04 | Build | Palisade Gate |
| 8:07 | Build | House |
| 8:13 | Queue | Villager (Male) |
| 8:40 | Queue | Villager (Male) |
| 9:03 | Build | Mining Camp |
| 9:29 | Research | Feudal Age |
| 9:30 | Research | Feudal Age |
| 9:57 | Queue | Militia |
| 10:18 | Build | Palisade Wall |
| 10:20 | Build | Palisade Wall |
| 11:00 | Queue | Militia |
| 11:11 | Queue | Villager (Male) |
| 11:13 | Build | Farm |
| 11:13 | Build | Farm |
| 11:13 | Build | Farm |
| 11:13 | Build | Farm |
| 11:37 | Build | House |
| 11:38 | Build | Palisade Wall |
| 11:39 | Age | Feudal Age |
| 11:42 | Research | Man-at-Arms (upgrade) |
| 11:43 | Research | Arson |
| 11:44 | Research | Double-Bit Axe |
| 11:51 | Build | Archery Range |
| 11:57 | Queue | Villager (Male) |
| 11:57 | Queue | Villager (Male) |
| 12:22 | Queue | Villager (Male) |
| 12:23 | Queue | Villager (Male) |
| 12:38 | Build | House |
| 12:44 | Queue | Villager (Male) |
| 12:45 | Queue | Villager (Male) |
| 12:45 | Queue | Villager (Male) |
| 12:51 | Queue | Archer |
| 12:52 | Queue | Archer |
| 12:53 | Queue | Skirmisher |
| 12:53 | Queue | Skirmisher |
| 12:55 | Build | Farm |
| 13:01 | Research | Horse Collar |
| 13:02 | Research | Horse Collar |
| 13:08 | Queue | Villager (Male) |
| 13:08 | Queue | Villager (Male) |
| 13:23 | Build | Farm |
| 13:25 | Build | House |
| 13:28 | Build | Blacksmith |
| 13:28 | Queue | Skirmisher |
| 13:52 | Queue | Villager (Male) |
| 13:52 | Queue | Villager (Male) |
| 13:53 | Queue | Villager (Male) |
| 13:56 | Queue | Skirmisher |
| 13:56 | Queue | Skirmisher |
| 13:57 | Queue | Skirmisher |
| 13:59 | Build | House |
| 14:01 | Build | House |
| 14:13 | Research | Fletching |
| 14:18 | Build | Lumber Camp |
| 14:20 | Queue | Villager (Male) |
| 14:21 | Queue | Villager (Male) |
| 14:32 | Queue | Archer |
| 14:38 | Build | House |
| 14:49 | Build | Farm |
| 14:49 | Queue | Villager (Male) |
| 14:49 | Queue | Villager (Male) |
| 15:03 | Queue | Skirmisher |
| 15:03 | Queue | Skirmisher |
| 15:07 | Build | House |
| 15:08 | Build | Palisade Wall |
| 15:09 | Build | Palisade Wall |
| 15:17 | Queue | Skirmisher |
| 15:18 | Queue | Skirmisher |
| 15:22 | Queue | Skirmisher |
| 15:22 | Queue | Skirmisher |
| 15:25 | Build | Farm |
| 15:27 | Queue | Villager (Male) |
| 15:35 | Build | Palisade Wall |
| 15:41 | Queue | Skirmisher |
| 16:01 | Queue | Skirmisher |
| 16:01 | Queue | Skirmisher |
| 16:05 | Queue | Villager (Male) |
| 16:07 | Build | Farm |
| 16:08 | Build | Farm |
| 16:13 | Queue | Skirmisher |
| 16:28 | Queue | Villager (Male) |
| 16:30 | Build | Farm |
| 16:31 | Build | Farm |
| 16:55 | Queue | Villager (Male) |
| 16:55 | Queue | Villager (Male) |
| 16:56 | Queue | Villager (Male) |
| 17:16 | Queue | Villager (Male) |
| 17:17 | Queue | Skirmisher |
| 17:19 | Queue | Militia |
| 17:19 | Queue | Militia |
| 17:25 | Queue | Skirmisher |
| 17:26 | Queue | Skirmisher |
| 17:38 | Queue | Skirmisher |
| 17:42 | Queue | Archer |
| 17:44 | Queue | Villager (Male) |
| 17:46 | Build | Farm |
| 17:47 | Build | Farm |
| 17:49 | Build | Farm |
| 17:50 | Build | Farm |
| 17:51 | Queue | Villager (Male) |
| 17:51 | Queue | Villager (Male) |
| 17:55 | Build | Farm |
| 17:55 | Build | Farm |
| 17:55 | Build | Farm |
| 17:56 | Build | Farm |
| 17:56 | Build | Farm |
| 17:56 | Build | Farm |
| 17:56 | Build | Farm |
| 18:16 | Build | Market |
Build order — Dr Zenit
First 150 of 355 actions detected
| 0:00 | Queue | Villager (Male) |
| 0:00 | Queue | Villager (Male) |
| 0:01 | Build | House |
| 0:02 | Build | House |
| 0:18 | Queue | Villager (Male) ×2 |
| 1:27 | Queue | Villager (Male) |
| 1:28 | Queue | Villager (Male) |
| 1:45 | Build | Lumber Camp |
| 1:58 | Queue | Villager (Male) |
| 1:58 | Queue | Villager (Male) |
| 2:28 | Queue | Villager (Male) |
| 2:55 | Queue | Villager (Male) |
| 3:17 | Queue | Villager (Male) |
| 3:47 | Queue | Villager (Male) |
| 3:48 | Queue | Villager (Male) |
| 3:59 | Build | House |
| 4:04 | Queue | Villager (Male) |
| 4:27 | Build | Barracks |
| 4:37 | Queue | Villager (Male) |
| 4:37 | Queue | Villager (Male) |
| 4:53 | Build | House |
| 5:05 | Queue | Villager (Male) |
| 5:06 | Queue | Villager (Male) |
| 5:06 | Queue | Villager (Male) |
| 5:18 | Research | Loom |
| 5:19 | Queue | Villager (Male) |
| 5:33 | Queue | Villager (Male) |
| 5:36 | Queue | Militia |
| 5:36 | Queue | Militia |
| 5:46 | Queue | Militia |
| 5:47 | Queue | Militia |
| 5:53 | Build | House |
| 6:11 | Queue | Villager (Male) |
| 6:31 | Queue | Villager (Male) |
| 6:34 | Build | Mill |
| 7:00 | Queue | Villager (Male) |
| 7:30 | Queue | Villager (Male) |
| 7:38 | Build | House |
| 7:42 | Build | House |
| 7:47 | Build | House |
| 7:47 | Queue | Villager (Male) |
| 7:52 | Queue | Villager (Male) |
| 8:02 | Build | House |
| 8:03 | Queue | Villager (Male) |
| 8:07 | Build | House |
| 8:21 | Build | Palisade Gate |
| 8:26 | Build | House |
| 9:20 | Queue | Villager (Male) |
| 9:26 | Build | Mining Camp |
| 9:30 | Build | House |
| 9:31 | Build | House |
| 9:45 | Research | Feudal Age |
| 10:50 | Queue | Villager (Male) |
| 10:57 | Build | Palisade Wall |
| 11:12 | Queue | Villager (Male) |
| 11:18 | Build | House |
| 11:46 | Queue | Villager (Male) |
| 11:55 | Age | Feudal Age |
| 11:57 | Build | Archery Range |
| 12:07 | Queue | Villager (Male) |
| 12:14 | Build | Market |
| 12:30 | Queue | Skirmisher |
| 12:41 | Queue | Villager (Male) |
| 12:51 | Queue | Villager (Male) |
| 12:55 | Research | Double-Bit Axe |
| 13:04 | Queue | Skirmisher |
| 13:28 | Build | House |
| 13:30 | Build | Palisade Wall |
| 13:33 | Build | House |
| 13:34 | Build | House |
| 13:41 | Queue | Villager (Male) |
| 13:45 | Queue | Archer |
| 14:07 | Build | Mining Camp |
| 14:11 | Queue | Villager (Male) |
| 14:11 | Queue | Villager (Male) |
| 14:18 | Queue | Villager (Male) |
| 14:32 | Queue | Archer |
| 14:52 | Build | House |
| 14:55 | Build | Palisade Wall |
| 15:02 | Queue | Villager (Male) |
| 15:05 | Build | Farm |
| 15:06 | Build | Farm |
| 15:41 | Build | Blacksmith |
| 15:45 | Queue | Archer |
| 15:54 | Queue | Villager (Male) |
| 15:59 | Build | Farm |
| 15:59 | Build | Farm |
| 16:08 | Research | Fletching |
| 16:15 | Queue | Archer |
| 16:26 | Queue | Villager (Male) |
| 16:42 | Build | Watch Tower |
| 16:56 | Queue | Villager (Male) |
| 17:14 | Queue | Villager (Male) |
| 17:14 | Queue | Skirmisher |
| 17:16 | Queue | Archer |
| 17:18 | Build | Farm |
| 17:18 | Build | Farm |
| 17:18 | Build | Farm |
| 17:18 | Build | Farm |
| 17:19 | Build | Farm |
| 17:19 | Build | Farm |
| 17:45 | Build | Farm |
| 17:56 | Queue | Villager (Male) |
| 18:15 | Build | Watch Tower |
| 18:23 | Queue | Villager (Male) |
| 18:35 | Build | House |
| 18:47 | Build | Farm |
| 18:47 | Build | Farm |
| 18:48 | Build | Farm |
| 18:48 | Build | Farm |
| 18:48 | Build | Farm |
| 18:58 | Queue | Villager (Male) |
| 19:04 | Build | House |
| 19:05 | Build | House |
| 19:11 | Build | House |
| 19:15 | Build | Farm |
| 19:15 | Build | Farm |
| 19:16 | Build | Farm |
| 19:16 | Build | Farm |
| 19:16 | Build | Farm |
| 19:23 | Build | House |
| 19:24 | Queue | Villager (Male) |
| 19:27 | Build | House |
| 19:28 | Build | House |
| 19:39 | Queue | Villager (Male) |
| 20:05 | Queue | Skirmisher |
| 20:58 | Research | Castle Age |
| 20:58 | Research | Castle Age |
| 21:23 | Queue | Skirmisher |
| 21:58 | Queue | Villager (Male) |
| 22:22 | Queue | Skirmisher |
| 22:22 | Queue | Skirmisher |
| 23:08 | Queue | Villager (Male) |
| 23:10 | Queue | Skirmisher |
| 23:10 | Queue | Skirmisher |
| 23:32 | Queue | Villager (Male) |
| 23:38 | Age | Castle Age |
| 23:42 | Build | Castle |
| 24:14 | Queue | Villager (Male) |
| 24:14 | Queue | Villager (Male) |
| 24:19 | Queue | Villager (Male) |
| 24:19 | Queue | Villager (Male) |
| 24:19 | Queue | Villager (Male) |
| 24:29 | Build | Siege Workshop |
| 24:31 | Queue | Huskarl |
| 24:59 | Queue | Mangonel |
| 24:59 | Queue | Mangonel |
| 25:05 | Queue | Huskarl ×2 |
| 25:32 | Build | Market |
| 25:33 | Queue | Villager (Male) |
Match timeline
| 4:27 | Dr Zenit · first_building Barracks |
| 4:31 | SVTT | Альпинист · first_building Barracks |
| 5:42 | SVTT | Альпинист · wall_segment Palisade Wall x1 |
| 5:43 | SVTT | Альпинист · wall_segment Palisade Wall x7 |
| 7:59 | SVTT | Альпинист · wall_segment Palisade Wall x1 |
| 8:01 | SVTT | Альпинист · wall_segment Palisade Wall x1 |
| 10:18 | SVTT | Альпинист · wall_segment Palisade Wall x1 |
| 10:20 | SVTT | Альпинист · wall_segment Palisade Wall x9 |
| 10:57 | Dr Zenit · wall_segment Palisade Wall x1 |
| 11:38 | SVTT | Альпинист · wall_segment Palisade Wall x7 |
| 11:39 | SVTT | Альпинист · age_up feudal |
| 11:51 | SVTT | Альпинист · first_building Archery Range |
| 11:55 | Dr Zenit · age_up feudal |
| 11:57 | Dr Zenit · first_building Archery Range |
| 13:30 | Dr Zenit · wall_segment Palisade Wall x1 |
| 14:55 | Dr Zenit · wall_segment Palisade Wall x16 |
| 15:08 | SVTT | Альпинист · wall_segment Palisade Wall x5 |
| 15:09 | SVTT | Альпинист · wall_segment Palisade Wall x4 |
| 15:35 | SVTT | Альпинист · wall_segment Palisade Wall x8 |
| 20:10 | Dr Zenit · first_market_sell 100 stone |
| 20:12 | Dr Zenit · first_market_buy 100 food |
| 20:18 | SVTT | Альпинист · first_market_sell 100 wood |
| 20:19 | SVTT | Альпинист · first_market_buy 100 food |
| 22:25 | SVTT | Альпинист · wall_segment Palisade Wall x1 |
| 23:17 | SVTT | Альпинист · age_up castle |
| 23:38 | Dr Zenit · age_up castle |
| 23:42 | Dr Zenit · first_building Castle |
| 24:08 | SVTT | Альпинист · first_building Siege Workshop |
| 24:29 | Dr Zenit · first_building Siege Workshop |
| 26:28 | Dr Zenit · wall_segment Palisade Wall x1 |
| 30:55 | SVTT | Альпинист · first_building Monastery |
| 38:44 | SVTT | Альпинист · first_building Castle |
| 39:59 | Dr Zenit · age_up imperial |
| 41:48 | SVTT | Альпинист · age_up imperial |
| 44:59 | Dr Zenit · resign |
[ AI ANALYSIS · 1 CREDIT ]
What really happened in this match?
Wolo.gg analyzes every decision: build order, eco, micro, common mistakes by bracket. Personalized analysis on WhatsApp or Discord in 30 seconds.
Civ guide
Dravidians
Perfil
Jugador #6375678